 Dungeon Crawl Stone Soup version 0.27.1-37-g7b29ead8ac (webtiles) character file.

Game seed: 6840711980049286367

14 tkbsonic5 the Skirmisher (level 2, 0/26 HPs)
             Began as a Ghoul Abyssal Knight on July 10, 2023.
             Was a Follower of Lugonu.
             Slain by a gnoll (10 damage)
             ... on level 2 of the Dungeon.
             The game lasted 00:01:47 (1406 turns).

tkbsonic5 the Skirmisher (Ghoul Abyssal Knight)     Turns: 1406, Time: 00:01:48

Health: 0/26       AC:  8    Str: 15      XL:     2   Next: 45%
Magic:  2/2        EV:  6    Int:  4 (7)  God:    Lugonu [*.....]
Gold:   36         SH:  0    Dex:  8      Spells: 1/1 levels left

rFire    . . .     SeeInvis .     - Unarmed
rCold    + . .     Faith    .   (no shield)
rNeg     + + +     Spirit   .   d - +0 chain mail
rPois    ∞         Reflect  .   (no helmet)
rElec    .         Harm     .   (no cloak)
rCorr    .         Rampage  .   (no gloves)
Will     .....                  (no boots)
Stlth    ..........             (no amulet)
HPRegen  0.00/turn              (no ring)
MPRegen  0.08/turn              (no ring)

@: attractive, inhibited regen
A: claws 1, cold resistance 1, negative energy resistance 3, inhibited
regeneration, torment resistance 2
a: Renounce Religion, Depart the Abyss


You were on level 2 of the Dungeon.
You worshipped Lugonu.
Lugonu was aware of your devotion.
You visited 1 branch of the dungeon, and saw 2 of its levels.
You visited the Abyss 1 time.

You collected 36 gold pieces.

Inventory:

Missiles
 k - 5 boomerangs
Armour
 a - a +0 leather armour
 d - a +0 chain mail (worn)
Scrolls
 c - a scroll of vulnerability {unknown}
 e - a scroll of noise {unknown}
 h - 2 scrolls of enchant armour {unknown}
 i - 2 scrolls of identify {unknown}
 j - a scroll of silence {unknown}
Potions
 b - a potion of attraction
 g - a potion of curing {unknown}


   Skills:
 * Level 3.6 Fighting
 - Level 1.7 Armour
 - Level 0.8 Dodging
 * Level 2.7 Unarmed Combat
 + Level 2.2 Invocations


You had one spell level left.
You didn't know any spells.
Your spell library contained the following spells:

 Spells                   Type           Power      Damage    Failure   Level
 Foxfire                  Conj/Fire      0%         2x1d4     100%        1
 Sandblast                Erth           0%         2d4       100%        1
 Conjure Flame            Conj/Fire      0%         6-21      100%        3
 Inner Flame              Hex/Fire       0%         N/A       100%        3
 Summon Hydra             Summ           0%         N/A       100%        7
 Sublimation of Blood     Necr           Unusable   N/A       N/A         2
 Wereblood                Tmut           Unusable   N/A       N/A         2

Dungeon Overview and Level Annotations

Branches:
Dungeon (2/15)

Altars:


Innate Abilities, Weirdness & Mutations

You thrive by killing the living.
You are immune to poison.
You have sharp fingernails.
Your flesh is cold resistant. (rC+)
You are immune to negative energy. (rN+++)
You do not regenerate when monsters are visible.
You are immune to unholy pain and torment.


Message History

You kill the rat!
Lugonu accepts your kill.
You feel better.
No target in view!
No target in view!
Found 5 boomerangs.
Found a stone staircase leading up.
Found a book of Flames.
You pick up a book of Flames and begin reading...
You add the spells Foxfire, Conjure Flame and Inner Flame to your library.
No target in view!
You see here 5 boomerangs.
k - 5 boomerangs A hobgoblin and a gnoll come into view.
The gnoll shouts!
The hobgoblin shouts!
There are monsters nearby!
There are monsters nearby!
An adder comes into view.
The adder hisses angrily.
It was a potion of attraction.
You feel attractive to monsters.
The gnoll hits you from afar with a +0 halberd.
The hobgoblin hits you but does no damage.
The adder is pulled toward you! The gnoll is pulled toward you!
The gnoll is pulled toward you!
The gnoll hits you from afar with a +0 halberd!
The hobgoblin closely misses you. The gnoll is pulled toward you!
The gnoll hits you with a +0 halberd. The adder bites you.
The gnoll completely misses you. The adder bites you but does no damage.
It was a potion of mutation.
You feel extremely strange.
Your body decomposes!
You feel dopey.
Your body decomposes!
You feel dopey.
Your body decomposes!
You feel dopey.
The gnoll hits you from afar with a +0 halberd!
You die...

# ####........#....#..
....####...........#.#<....
...................#.###...
...........................
....#.##...................
... #. #...................
. # #..gg...........#...
#.#S#####.......#...
..#.#@# #########... ...#.#
#... #..#.# #...
#..#.######
#.#.##...##########
#.#..'..)†...##...#
#...##...###.##...#
#...##...# #.##...#
#...##..†# #.##...#


You could see a gnoll, an adder and a hobgoblin.

Vanquished Creatures
  A goblin (D:2)
  2 hobgoblins
  2 jackals (D:2)
  3 ball pythons
  2 frilled lizards
  2 kobolds (D:2)
  4 rats
16 creatures vanquished.

Notes
Turn   | Place    | Note
-------+----------+-------------------------------------------
     0 | Abyss:1  | tkbsonic5 the Ghoul Abyssal Knight began the quest for the
                  | Orb.
     0 | Abyss:1  | Reached XP level 1. HP: 19/19 MP: 1/1
    91 | Abyss:1  | Noticed a stone giant simulacrum
    92 | D:1      | Escaped the Abyss
   313 | D:1      | Found a faded altar of an unknown god.
   323 | D:1      | Got Plato's Guide on the Rocks
   687 | D:1      | Reached * piety under Lugonu
  1021 | D:2      | Reached XP level 2. HP: 24/26 MP: 2/2
  1406 | D:2      | Slain by a gnoll

Illustrated notes

Levels and vault maps discovered:
D:1:      dpeg_arrival_tiny_d, layout_basic, shapermc_ecumenical_altar_rom_forum
D:2:      layout_basic

Action                   || total
-------------------------++-------
Melee: Unarmed           ||    57
Invok: Depart the Abyss  ||     1
  Use: Potion            ||     2
Armor: Chain mail        ||    44
       Leather armour    ||     4
Dodge: Dodged            ||    23
